 Dungeon Sprint DCSS version 0.28-a0-8-g6e044cfa68 (webtiles) character file.

Game seed: 12011447436107979031

6506793 mhtbhm the Minotaur Barricade (level 23, 138/216 HPs)
             Began as a Minotaur Fighter on July 23, 2021.
             Was an Elder of Qazlal.
             Escaped with the Orb
             ... and 3 runes!
             The game lasted 00:32:31 (9734 turns).

mhtbhm the Minotaur Barricade (Minotaur Fighter)    Turns: 9734, Time: 00:32:32

Health: 138/216    AC: 59    Str: 34    XL:     23   Next: 20%
Magic:  48/48      EV: 19    Int:  7    God:    Qazlal [****..]
Gold:   200        SH: 39    Dex: 16    Spells: 58/67 levels left

rFire   + . .      SeeInvis .   a - +9 broad axe of Blood-Lust {flame, Drain rC+ Dex+3 Stlth+}
rCold   + + +      Faith    .   c - +5 tower shield
rNeg    + + .      Spirit   .   b - +14 gold dragon scales
rPois   +          Reflect  .   D - +2 hood of the Assassin {Detection Stab+ Stlth++}
rElec   +          Harm     +   N - +4 cloak
rCorr   .          Rampage  .   n - +4 pair of gloves
Will    +++..      NoTele   +   R - +2 pair of boots
Stlth   ..........              i - amulet of Eroopy {Harm Will++ Regen+ Int+4 Slay+2}
HPRegen 1.46/turn               j - ring "Iptag" {rC+ rN+ Str+4 Int-2}
MPRegen 0.31/turn               B - ring "Kuec" {rElec rPois rN+ Dex+2}

@: studying 2 skills, repel missiles
A: horns 2, retaliatory headbutt, frail 1, screaming 1
0: Orb of Zot
}: 3/3 runes: silver, golden, iron
a: Renounce Religion, Upheaval, Elemental Force


You escaped.
You worshipped Qazlal.
Qazlal was greatly pleased with you.
You visited 1 branch You collected 200 gold pieces.

Inventory:

Hand Weapons
 a - the +9 broad axe of Blood-Lust (weapon) {flame, Drain rC+ Dex+3 Stlth+}
   (You found it in the Dungeon)

   It burns those it strikes, dealing additional fire damage.
   Big, fiery blades are also staple armaments of hydra-hunters.
   Dex:       It affects your dexterity (+3).
   rC:        It protects you from cold.
   Drain:     It drains your maximum health when unequipped.
   Stlth:     It makes you more stealthy.
 d - a +9 double sword of holy wrath
Armour
 b - +14 gold dragon scales (worn)
 c - a +5 tower shield (worn)
 n - a +4 pair of gloves (worn)
 D - the +2 hood of the Assassin (worn) {Detection Stab+ Stlth++}
   (You found it in the Dungeon)

   It allows the wearer to sense nearby creatures.
   It allows the wearer to make particularly effective stabbing attacks against
   helpless or unaware enemies with any weapon.
   Stlth:     It makes you much more stealthy.
 N - a +4 cloak (worn)
 R - a +2 pair of boots (worn)
Jewellery
 i - the amulet of Eroopy (around neck) {Harm Will++ Regen+ Int+4 Slay+2}
   (You found it in the Dungeon)

   [amulet of regeneration]

   Int:       It affects your intelligence (+4).
   Slay:      It affects your accuracy & damage with ranged weapons and melee
   (+2).
   Regen:     It increases your rate of health regeneration.
   Harm:      It increases damage dealt and taken.
   Will:      It greatly increases your willpower.
 j - the ring "Iptag" (left hand) {rC+ rN+ Str+4 Int-2}
   (You found it in the Dungeon)

   [ring of positive energy]

   Str:       It affects your strength (+4).
   Int:       It affects your intelligence (-2).
   rC:        It protects you from cold.
   rN:        It protects you from negative energy.
 B - the ring "Kuec" (right hand) {rElec rPois rN+ Dex+2}
   (You found it in the Dungeon)

   [ring of positive energy]

   Dex:       It affects your dexterity (+2).
   rElec:     It insulates you from electricity.
   rPois:     It protects you from poison.
   rN:        It protects you from negative energy.
Wands
 J - a wand of polymorph (4)
Scrolls
 l - 9 scrolls of amnesia
 m - a scroll of summoning
 p - 10 scrolls of identify
 q - 9 scrolls of enchant weapon
 u - 4 scrolls of fog
 w - a scroll of magic mapping
 F - a scroll of blinking
 O - 2 scrolls of enchant armour
 Q - a scroll of fear
Potions
 e - 9 potions of curing
 g - 8 potions of haste
 h - 7 potions of magic
 k - 2 potions of invisibility
 o - a potion of ambrosia
 s - a potion of resistance
 t - 7 potions of brilliance
 z - 2 potions of attraction
 K - 13 potions of heal wounds
 L - 4 potions of mutation
 P - 3 potions of berserk rage
 T - 2 potions of cancellation
 U - a potion of flight
Miscellaneous
 A - a box of beasts
 C - a phial of floods
 G - a phantom mirror
 I - a tin of tremorstones (2/2)


   Skills:
 O Level 27 Fighting
 - Level 6.5(13.7) Short Blades
 - Level 19.6(20.0) Long Blades
 O Level 27 Axes
 - Level 7.2(20.0) Maces & Flails
 - Level 7.2(20.0) Polearms
 - Level 7.2(9.7) Staves
 - Level 6.5(7.8) Slings
 - Level 6.5 Bows
 - Level 6.5 Crossbows
 - Level 6.0(7.1) Throwing
 O Level 27 Armour
 - Level 23.6 Dodging
 - Level 10.4 Stealth
 O Level 27 Shields
 - Level 6.5 Unarmed Combat
 + Level 22.6 Spellcasting
 + Level 24.0 Conjurations
 - Level 4.1 Hexes
 - Level 4.5 Summonings
 - Level 7.4 Necromancy
 - Level 7.4 Translocations
 - Level 8.2 Transmutations
 + Level 24.4 Fire Magic
 - Level 7.5 Ice Magic
 - Level 7.4 Air Magic
 - Level 8.2 Earth Magic
 - Level 7.4 Poison Magic
 O Level 27 Invocations
 O Level 27 Evocations


You had 58 spell levels left.
You knew the following spells:

 Your Spells              Type           Power      Damage    Failure   Level
a - Fire Storm            Conj/Fire      20%        8d5       69%         9

Your spell library contained the following spells:

 Spells                   Type           Power      Damage    Failure   Level
 Foxfire                  Conj/Fire      100%       2x1d9     0%          1
 Conjure Flame            Conj/Fire      41%        6-21      0%          3
 Sticky Flame             Conj/Fire      41%        2d6       0%          4
 Animate Skeleton         Necr           36%        N/A       1%          1
 Apportation              Tloc           36%        N/A       1%          1
 Pain                     Necr           72%        1d7       1%          1
 Sandblast                Erth           38%        2d10      1%          1
 Corpse Rot               Necr/Air       N/A        N/A       1%          2
 Passwall                 Tmut/Erth      15%        N/A       1%          2
 Poisonous Vapours        Pois/Air       36%        N/A       1%          2
 Sublimation of Blood     Necr           9%         N/A       1%          2
 Inner Flame              Hex/Fire       27%        N/A       1%          3
 Stone Arrow              Conj/Erth      60%        3d10      1%          3
 Bolt of Magma            Conj/Fire/Erth 17%        4d9       1%          5
 Fireball                 Conj/Fire      20%        3d10      1%          5
 Iskenderun's Battlesphe  Conj           41%        2d9       1%          5
 Starburst                Conj/Fire      20%        8x6d7     1%          6
 Orb of Destruction       Conj           20%        9d9       1%          7
 Frozen Ramparts          Ice            36%        1d5       2%          3
 Gell's Gravitas          Tloc           9%         N/A       2%          3
 Ozocubu's Armour         Ice            18%        N/A       2%          3
 Teleport Other           Tloc           18%        N/A       2%          3
 Vampiric Draining        Necr           9%         2d7       2%          3
 Summon Small Mammal      Summ           56%        N/A       3%          1
 Conjure Ball Lightning   Conj/Air       15%        3x3d6     4%          6
 Ignition                 Fire           21%        3d8       6%          8
 Petrify                  Tmut/Erth      19%        N/A       7%          4
 Olgreb's Toxic Radiance  Pois           18%        N/A       10%         4
 Animate Armour           Summ/Erth      32%        N/A       14%         4
 Leda's Liquefaction      Hex/Erth       8%         N/A       16%         4
 Summon Ice Beast         Ice/Summ       16%        N/A       17%         4
 Lee's Rapid Deconstruct  Erth           9%         3d8*      19%         5
 Manifold Assault         Tloc           18%        N/A       26%         5
 Cause Fear               Hex            6%         N/A       36%         4
 Metabolic Englaciation   Hex/Ice        8%         N/A       45%         5
 Summon Mana Viper        Hex/Summ       13%        N/A       67%         5
 Statue Form              Tmut/Erth      12%        N/A       71%         6
 Dispersal                Tloc           9%         N/A       82%         6
 Malign Gateway           Summ/Tloc      8%         N/A       100%        7
 Monstrous Menagerie      Summ           7%         N/A       100%        7
 Ozocubu's Refrigeration  Ice            9%         4d6       100%        7
 Discord                  Hex            6%         N/A       100%        8
 Infestation              Necr           9%         N/A       100%        8
 Summon Horrible Things   Summ           7%         N/A       100%        8
 Chain Lightning          Conj/Air       15%        3d20      100%        9
 Shatter                  Erth           9%         3d11*     100%        9


Dungeon Overview and Level Annotations

Branches:
Dungeon (1/1)

Altars:
Ashenzari
Cheibriados
Dithmenos
Elyvilon
Fedhas
Gozag
Hepliaklqana
Kikubaaqudgha
Makhleb
Nemelex Xobeh
Okawaru
Qazlal
Ru
Sif Muna
Trog
Uskayaw
Vehumet
Wu Jian
Xom
Yredelemnul
Zin
The Shining One
Beogh
Jiyva
Lugonu


Innate Abilities, Weirdness & Mutations

You have a pair of horns on your head.
You reflexively headbutt those who attack you in melee.
You are frail. (-10% HP)
You occasionally shout uncontrollably at your foes.


Message History

Unknown command.
Unknown command.
Okay, then.
Okay, then.
Aiming: Upheaval
Press: ? - help, Dir - move target, f - Uxkaqu Lion
Aim: Uxkaqu Lion (almost dead)
A storm cloud blasts the area with cutting wind!
The cutting wind hits Uxkaqu Lion!!!
You kill Uxkaqu Lion!
Qazlal accepts your kill.
Your Conjurations skill increases to level 24!
Unknown command.
Unknown command.
Unknown command.
Unknown command.
Unknown command.
Unknown command.
You block the sun demon's attack.
You slice the sun demon!! You headbutt the sun demon.
The sun demon is severely wounded.
You slice the sun demon!!
You kill the sun demon!
Qazlal accepts your kill.
A tormentor comes into view.
The tormentor calls on the powers of darkness!
Your body is wracked with pain!
You block the tormentor's attack. x2
You slash the tormentor! You burn the tormentor.
Your headbutt misses the tormentor.
The tormentor is heavily wounded.
You block the tormentor's attack. x2
You open the tormentor like a pillowcase!!!
You burn the tormentor.
You kill the tormentor!
Qazlal accepts your kill.
Okay, then.
There is an open door to the Entrance Hall (Safe) here.
There is a staircase leading out of the dungeon here.
You have escaped!

##########.##..................≈.
#..........)'....................
#'#####)#####......#..#......##.)
#.#..#...'.##................##..
#.#..#...#.#####'#####''#########
#.#..#####.##...§...##''# ######
#.#.)†)..#.##.○..§..##..# #.....
#.#..)..)'.##..§..○.##..# #..#'#.
#.#..########...@...##[.# ##.##
#.#..'[))).##.§..§..##..# ##...#
#.#..#[))).##.......##..####.....
#'###########.......##...##).....
#.....).#..###########....'[.....
#.###)..#.############...##......
#.#...).#.#....#..[[##..####.....
#.#...#.#†#....#..[[##..##.##...#
#.....#.#.))...'..))##..##..##)##


There were no monsters in sight!

Vanquished Creatures
  Asmodeus (D)
  Antaeus (D)
  Dissolution (D)
  Gloorx Vloq (D)
  Lom Lobon (D)
  Mnoleg (D)
  the Serpent of Hell (D)
  8 pandemonium lords (D)
  Tiamat (D)
  4 ancient liches (D)
  Mara (D)
  4 orbs of fire (D)
  Mennas (D)
  A royal mummy (D)
  Boris (D)
  Margery (D)
  Frederick (D)
  2 curse toes (D)
  Xtahua (D)
  Nikola (D)
  Jory (D)
  5 pearl dragons (D)
  Arachne (D)
  A profane servitor (D)
  4 bone dragons (D)
  3 Brimstone Fiends (D)
  2 electric golems (D)
  Rupert (D)
  A Tzitzimitl (D)
  A hellephant (D)
  3 Ice Fiends (D)
  3 Hell Sentinels (D)
  5 titans (D)
  2 deep elf blademasters (D)
  26 Orb Guardians (D)
  A sphinx (shapeshifter) (D)
  A lich (D)
  A quicksilver dragon (D)
  2 Executioners (D)
  Frances (D)
  2 acid blobs (D)
  3 death cobs (D)
  2 sphinxes (D)
  3 shadow dragons (D)
  4 storm dragons (D)
  18 daevas (D)
  A fire giant (D)
  A nagaraja (D)
  2 deep elf sorcerers (D)
  3 azure jellies (D)
  3 orc warlords (D)
  A draconian shifter (D)
  2 draconian scorchers (D)
  2 frost giants (D)
  A cacodemon (D)
  2 iron dragons (D)
  2 balrugs (D)
  Louise (D)
  3 ghost moths (D)
  3 draconian stormcallers (D)
  3 reapers (D)
  An emperor scorpion (D)
  3 draconian annihilators (D)
  A war gargoyle (D)
  28 angels (D)
  2 spriggan defenders (D)
  2 lorocyprocas (D)
  A stone giant (D)
  3 yellow draconians (D)
  3 deep elf demonologists (D)
  3 white draconians (D)
  A minotaur (D)
  6 red draconians (D)
  A dire elephant (D)
  4 deep elf annihilators (D)
  A green death (D)
  An eidolon (D)
  3 blizzard demons (D)
  3 deep elf death magi (D)
  An ettin (D)
  A mummy priest (D)
  A fire dragon (D)
  2 deep elf high priests (D)
  15 vault guards (D)
  A great orb of eyes (D)
  2 yaktaur captains (D)
  5 naga warriors (D)
  A hell beast (D)
  A spriggan air mage (D)
  A boulder beetle (D)
  A rakshasa (D)
  4 ice dragons (D)
  4 hydras (D)
  A centaur warrior (D)
  2 ogre magi (D)
  A death knight (D)
  A dancing weapon (D)
  An alligator snapping turtle (D)
  A merfolk aquamancer (D)
  5 death yaks (D)
  A naga sharpshooter (D)
  3 sun demons (D)
  2 spriggan berserkers (D)
  3 soul eaters (D)
  6 deep elf knights (D)
  20 hell knights (D)
  A sea snake (D)
  3 skeletal warriors (D)
  A fire crab (D)
  2 deep trolls (D)
  30 cherubim (D)
  16 wizards (D)
  2 phantasmal warriors (D)
  A deep elf pyromancer (D)
  2 deep elf zephyrmancers (D)
  10 necromancers (D)
  2 ugly things (D)
  10 orc knights (D)
  A moth of wrath (D)
  13 elephants (D)
  A naga mage (D)
  A guardian serpent (D)
  2 rust devils (D)
  A merfolk siren (D)
  3 gargoyles (D)
  A rime drake (D)
  3 cane toads (D)
  3 hellions (D)
  13 yaktaurs (D)
  4 komodo dragons (D)
  3 tormentors (D)
  An ice devil (D)
  A komodo dragon (shapeshifter) (D)
  A demonic crawler (D)
  A red devil (D)
  A jumping spider (D)
  A tyrant leech (D)
  5 blink frogs (D)
  4 wyverns (D)
  3 redbacks (D)
  2 air elementals (D)
  A flying skull (D)
  A spriggan (D)
  4 water elementals (D)
  A yak (shapeshifter) (D)
  A large abomination (D)
  2 tarantellas (D)
  13 humans (D)
  2 fire bats (D)
  2 golden eyes (D)
  8 vampire mosquitoes (D)
  2 chaos spawn (D)
  2 wargs (D)
  A steam dragon (D)
  An acid dragon (D)
  A floating eye (D)
  Purgy (D)
  3 orc warriors (D)
  An ice beast (D)
  A black bear (D)
  2 ogres (D)
  A sky beast (D)
  A phantom (D)
  An earth elemental (D)
  3 killer bees (D)
  A crimson imp (D)
  2 quasits (D)
  A gnoll shaman (D)
  3 orc priests (D)
  An iron imp (D)
  5 orc wizards (D)
  A hell rat (D)
  2 mummies (D)
  5 gnolls (D)
  A white imp (D)
  An ufetubus (D)
  An adder simulacrum (D)
  9 orcs (D)
  A bat skeleton (D)
  3 bat zombies (D)
  A giant cockroach (D)
  A goblin (D)
  3 jackals (D)
  A ball python skeleton (D)
  A ball python zombie (D)
  A bat (D)
  A bat simulacrum (D)
  A quokka zombie (D)
  6 ball lightnings (D)
  14 fire vortices (D)
587 creatures vanquished.

Vanquished Creatures (collateral kills)
  the Lernaean hydra (D)
  A pearl dragon (D)
  A pandemonium lord (D)
3 creatures vanquished.

Vanquished Creatures (others)
  Cerebov (D)
  A hellephant (D)
  An acid blob (D)
  An eldritch tentacle (D)
  3 ball lightnings (D)
7 creatures vanquished.

Grand Total: 597 creatures vanquished

Notes
Turn   | Place    | Note
-------+----------+-------------------------------------------
     0 | D        | mhtbhm the Minotaur Fighter began the quest for the Orb.
     0 | D        | Reached XP level 1. HP: 19/19 MP: 0/0
    21 | D        | Found a bloodstained altar of Trog.
    21 | D        | Found a shimmering blue altar of Sif Muna.
    21 | D        | Found a viscous altar of Jiyva.
    21 | D        | Found a hazy altar of Hepliaklqana.
    21 | D        | Found an opulent altar of Gozag.
    22 | D        | Found a glowing golden altar of the Shining One.
    22 | D        | Found a glowing silver altar of Zin.
    22 | D        | Found a basalt altar of Yredelemnul.
    22 | D        | Found a shimmering altar of Xom.
    22 | D        | Found an ornate altar of the Wu Jian Council.
    22 | D        | Found a sacrificial altar of Ru.
    22 | D        | Found a stormy altar of Qazlal.
    22 | D        | Found an iron altar of Okawaru.
    22 | D        | Found a sparkling altar of Nemelex Xobeh.
    22 | D        | Found a burning altar of Makhleb.
    22 | D        | Found a blossoming altar of Fedhas.
    22 | D        | Found a white marble altar of Elyvilon.
    22 | D        | Found a shadowy altar of Dithmenos.
    22 | D        | Found a snail-covered altar of Cheibriados.
    24 | D        | Found a radiant altar of Vehumet.
    24 | D        | Found a corrupted altar of Lugonu.
    26 | D        | Found an ancient bone altar of Kikubaaqudgha.
    26 | D        | Found a hide-covered altar of Uskayaw.
    26 | D        | Found a broken altar of Ashenzari.
    29 | D        | Became a worshipper of Qazlal Stormbringer
    82 | D        | Noticed a floating eye
    83 | D        | Killed a floating eye
    83 | D        | Reached * piety under Qazlal
    84 | D        | Reached skill level 1 in Dodging
    84 | D        | Reached XP level 2. HP: 31/31 MP: 0/3
    84 | D        | Reached XP level 3. HP: 38/38 MP: 0/4
    84 | D        | Reached XP level 4. HP: 45/45 MP: 0/5
   143 | D        | Reached ** piety under Qazlal
   145 | D        | Reached XP level 5. HP: 51/51 MP: 5/7
   148 | D        | Reached *** piety under Qazlal
   222 | D        | Noticed a fire bat
   222 | D        | Noticed a phantom
   225 | D        | Noticed a sky beast
   226 | D        | Noticed an orc warrior
   229 | D        | Reached skill level 5 in Invocations
   233 | D        | Reached skill level 5 in Axes
   234 | D        | Reached **** piety under Qazlal
   240 | D        | Killed an orc warrior
   241 | D        | Reached XP level 6. HP: 32/62 MP: 7/9
   242 | D        | Killed a fire bat
   242 | D        | Reached ***** piety under Qazlal
   243 | D        | Reached XP level 7. HP: 36/70 MP: 7/11
   244 | D        | Reached skill level 10 in Shields
   453 | D        | Noticed Purgy
   463 | D        | Killed Purgy
   468 | D        | Noticed a wyvern
   477 | D        | Killed a wyvern
   637 | D        | Noticed a wyvern
   637 | D        | Noticed an orc knight
   638 | D        | Reached ****** piety under Qazlal
   639 | D        | Reached XP level 8. HP: 62/79 MP: 4/12
   641 | D        | Reached skill level 10 in Fighting
   641 | D        | Reached skill level 10 in Armour
   651 | D        | Killed an orc knight
   837 | D        | Noticed a gargoyle
   842 | D        | Reached skill level 10 in Axes
   846 | D        | Killed a gargoyle
   847 | D        | Reached XP level 9. HP: 72/86 MP: 14/14
   914 | D        | Noticed a red draconian
   917 | D        | Noticed a komodo dragon
   923 | D        | Killed a komodo dragon
   930 | D        | Killed a red draconian
   931 | D        | Reached skill level 10 in Invocations
  1318 | D        | Noticed a death cob
  1326 | D        | Killed a death cob
  1327 | D        | Reached skill level 15 in Shields
  1327 | D        | Reached XP level 10. HP: 97/97 MP: 15/17
  1469 | D        | Noticed a cane toad
  1472 | D        | Noticed a sea snake
  1475 | D        | Killed a cane toad
  1486 | D        | Killed a sea snake
  1773 | D        | Noticed a deep troll
  1790 | D        | Killed a deep troll
  2097 | D        | Noticed a deep elf zephyrmancer
  2097 | D        | Noticed a cane toad
  2102 | D        | Killed a deep elf zephyrmancer
  2104 | D        | Killed a cane toad
  2105 | D        | Reached XP level 11. HP: 100/105 MP: 18/18
  2169 | D        | Noticed a deep troll
  2170 | D        | Noticed a seven-headed hydra
  2179 | D        | Killed a deep troll
  2186 | D        | Killed an eight-headed hydra
  2294 | D        | Noticed a deep elf zephyrmancer
  2298 | D        | Reached skill level 15 in Axes
  2305 | D        | Killed a deep elf zephyrmancer
  2313 | D        | Paralysed by an air elemental for 1 turns
  2318 | D        | Paralysed by an air elemental for 1 turns
  2327 | D        | Reached skill level 1 in Stealth
  2580 | D        | Noticed a fire crab
  2586 | D        | Killed a fire crab
  2830 | D        | Noticed an alligator snapping turtle
  2830 | D        | Noticed a merfolk aquamancer
  2830 | D        | Noticed a spriggan berserker
  2830 | D        | Noticed a spriggan defender
  2831 | D        | Killed a spriggan defender
  2831 | D        | Killed a spriggan berserker
  2832 | D        | Reached skill level 15 in Armour
  2832 | D        | Reached XP level 12. HP: 117/117 MP: 12/21
  2833 | D        | Killed a merfolk aquamancer
  2847 | D        | Killed an alligator snapping turtle
  2998 | D        | Noticed a deep elf death mage
  2999 | D        | Noticed a deep elf annihilator
  3003 | D        | Noticed a seven-headed hydra
  3005 | D        | Killed a deep elf annihilator
  3009 | D        | Identified the quicksilver dragon scales of Hopscotch
                  | {rElec Will+ Str-3 Int+6}
  3009 | D        | Noticed a vault guard
  3012 | D        | Killed a deep elf death mage
  3012 | D        | Identified the +5 war axe of Massamot {flame, Int+2}
  3013 | D        | Reached skill level 15 in Fighting
  3019 | D        | Killed a 12-headed hydra
  3028 | D        | Noticed a death yak
  3028 | D        | Noticed a death cob
  3038 | D        | Killed a vault guard
  3038 | D        | Noticed Frances
  3041 | D        | Killed a death yak
  3042 | D        | Reached skill level 15 in Invocations
  3045 | D        | Killed a death cob
  3049 | D        | Killed Frances
  3050 | D        | Reached XP level 13. HP: 63/128 MP: 6/23
  3052 | D        | Noticed a bone dragon
  3075 | D        | Killed a bone dragon
  3282 | D        | Got Veaguysh's Incunabulum of Psychosis
  3389 | D        | Noticed a Hell Sentinel
  3409 | D        | Killed a Hell Sentinel
  3482 | D        | Noticed an orc warlord
  3489 | D        | Noticed an orc warlord
  3496 | D        | Killed an orc warlord
  3501 | D        | Reached skill level 5 in Stealth
  3504 | D        | Killed an orc warlord
  3505 | D        | Reached XP level 14. HP: 46/141 MP: 5/25
  3505 | D        | Noticed a bone dragon
  3532 | D        | Killed a bone dragon
  3533 | D        | Reached skill level 5 in Dodging
  3656 | D        | Found the +2 hood of the Assassin {Detection Stab+ Stlth++}
  3960 | D        | Noticed a black draconian shifter
  3974 | D        | Killed a black draconian shifter
  4110 | D        | Noticed a Hell Sentinel
  4131 | D        | Killed a Hell Sentinel
  4526 | D        | Noticed a deep elf sorcerer
  4531 | D        | Killed a deep elf sorcerer
  4634 | D        | Noticed a titan
  4640 | D        | Killed a titan
  4655 | D        | Noticed a sphinx
  4656 | D        | Paralysed by a sphinx for 3 turns
  4665 | D        | Killed a sphinx
  4681 | D        | Noticed Ichegg the pandemonium lord
  4681 | D        | Noticed an angel
  4681 | D        | Noticed an ancient lich
  4682 | D        | Killed an angel
  4682 | D        | Killed an ancient lich
  4689 | D        | Killed Ichegg the pandemonium lord
  4690 | D        | Reached XP level 15. HP: 138/152 MP: 0/28
  4825 | D        | Noticed a titan
  4833 | D        | Killed a titan
  4844 | D        | Noticed Gataese the pandemonium lord
  4851 | D        | Killed Gataese the pandemonium lord
  5075 | D        | Noticed an azure jelly
  5080 | D        | Killed an azure jelly
  5083 | D        | Noticed Daloh the pandemonium lord
  5111 | D        | Killed Daloh the pandemonium lord
  5482 | D        | Noticed Jeossuj Sele the pandemonium lord
  5507 | D        | Killed Jeossuj Sele the pandemonium lord
  5637 | D        | Noticed an electric golem
  5650 | D        | Killed an electric golem
  5830 | D        | Noticed a nagaraja
  5835 | D        | Killed a nagaraja
  5839 | D        | Noticed a fire giant
  5848 | D        | Killed a fire giant
  5854 | D        | Noticed a pearl dragon
  5868 | D        | Killed a pearl dragon
  5913 | D        | Noticed a storm dragon
  5922 | D        | Killed a storm dragon
  5936 | D        | Noticed an orb of fire
  5949 | D        | Killed an orb of fire
  6001 | D        | Noticed an Ice Fiend
  6011 | D        | Killed an Ice Fiend
  6012 | D        | Reached XP level 16. HP: 150/167 MP: 31/31
  6122 | D        | Noticed the Serpent of Hell
  6131 | D        | Noticed a storm dragon
  6139 | D        | Killed the Serpent of Hell
  6144 | D        | Got the amulet of Eroopy {Harm Will++ Regen+ Int+4 Slay+2}
  6146 | D        | Noticed a Hell Sentinel
  6164 | D        | Killed a Hell Sentinel
  6167 | D        | Got the ring "Iptag" {rC+ rN+ Str+4 Int-2}
  6277 | D        | Got the +9 broad axe of Blood-Lust {flame, Drain rC+ Dex+3
                  | Stlth+}
  6323 | D        | Noticed Mara
  6341 | D        | Noticed mhtbhm's illusion
  6361 | D        | Killed Mara
  6362 | D        | Reached skill level 27 in Shields
  6369 | D        | Noticed an Ice Fiend
  6372 | D        | Killed an Ice Fiend
  6505 | D        | Noticed Boris
  6509 | D        | Noticed a royal mummy
  6521 | D        | Killed Boris
  6536 | D        | Killed a royal mummy
  6803 | D        | Noticed Vocvir the pandemonium lord
  6804 | D        | Noticed a hellephant
  6804 | D        | Noticed Nikola
  6806 | D        | Killed Vocvir the pandemonium lord
  6811 | D        | Killed a hellephant
  6813 | D        | Killed Nikola
  6878 | D        | Noticed an orb of fire
  6889 | D        | Killed an orb of fire
  6890 | D        | Reached XP level 17. HP: 157/183 MP: 33/33
  6923 | D        | Noticed Owkiw the pandemonium lord
  6933 | D        | Killed Owkiw the pandemonium lord
  6954 | D        | Noticed an orb of fire
  6959 | D        | Gained mutation: You are frail. (-10% HP) [an orb of fire]
  6961 | D        | Gained mutation: You occasionally shout uncontrollably at
                  | your foes. [an orb of fire]
  6964 | D        | Killed an orb of fire
  6978 | D        | Noticed a Tzitzimitl
  6980 | D        | Killed a Tzitzimitl
  6988 | D        | Noticed a quicksilver dragon
  6988 | D        | Noticed an ancient lich
  7004 | D        | Killed an ancient lich
  7005 | D        | Reached skill level 27 in Invocations
  7008 | D        | Found the +4 dragonskin cloak
  7008 | D        | Noticed Tiamat
  7008 | D        | Killed a quicksilver dragon
  7021 | D        | Killed Tiamat
  7022 | D        | Reached skill level 27 in Fighting
  7022 | D        | Reached skill level 27 in Axes
  7083 | D        | Got the ring "Uxidwaq" {Fly MP+9}
  7087 | D        | Got an iron rune of Zot
  7116 | D        | Got the amulet of Lugonu's Favour {Reflect Rampage rC-
                  | rCorr Str+6 SH+5}
  7118 | D        | Got the amulet of Zenuk {*Slow Regen+ Dex+5}
  7126 | D        | Got the ring "Kuec" {rElec rPois rN+ Dex+2}
  7231 | D        | Identified the +1 robe "Gifawkef" {Rampage rCorr Int+2
                  | Slay+2}
  7231 | D        | Identified the +7 spear "Norisoca" {antimagic, Str+6}
  7233 | D        | Reached skill level 27 in Armour
  7233 | D        | Reached XP level 18. HP: 163/180 MP: 26/34
  7235 | D        | Identified the amulet "Liah" {Acrobat rPois rN+++ Int+2
                  | Dex-3}
  7235 | D        | Noticed a pearl dragon
  7235 | D        | Identified the ring "Eczos" {*Slow rN+ Str+6 Dex+2 SInv}
  7236 | D        | Identified the +7 hunting sling of Dete {vorpal, rElec rC+
                  | Int+3} (You took it off an angel in the Dungeon)
  7237 | D        | Killed a pearl dragon
  7238 | D        | Reached skill level 5 in Short Blades
  7238 | D        | Reached skill level 5 in Slings
  7238 | D        | Reached skill level 5 in Bows
  7238 | D        | Reached skill level 5 in Crossbows
  7238 | D        | Reached skill level 5 in Throwing
  7238 | D        | Reached skill level 10 in Stealth
  7238 | D        | Reached skill level 5 in Unarmed Combat
  7239 | D        | Reached skill level 5 in Transmutations
  7239 | D        | Reached skill level 5 in Evocations
  7249 | D        | Reached skill level 5 in Earth Magic
  7251 | D        | Reached skill level 5 in Necromancy
  7251 | D        | Reached skill level 5 in Translocations
  7251 | D        | Reached skill level 5 in Fire Magic
  7251 | D        | Reached skill level 5 in Ice Magic
  7251 | D        | Reached skill level 5 in Air Magic
  7251 | D        | Reached skill level 5 in Poison Magic
  7258 | D        | Identified the ring of Panuk {rCorr Int+4} (You took it off
                  | an angel in the Dungeon)
  7267 | D        | Reached skill level 10 in Dodging
  7384 | D        | Got the Incunabulum of Venomous Conjuration
  7440 | D        | Got a golden rune of Zot
  7520 | D        | Noticed a lich
  7527 | D        | Killed a lich
  7530 | D        | Reached skill level 10 in Long Blades
  7533 | D        | Reached XP level 19. HP: 157/186 MP: 27/35
  7635 | D        | Got the Guide on Congealing Fire
  7650 | D        | Got the Tome of Black Rituals and the Traveller
  7675 | D        | Got Obetuuc's Volume of Companions and the Compass
  7701 | D        | Learned a level 9 spell: Fire Storm
  7787 | D        | Noticed a bone dragon
  7796 | D        | Killed a bone dragon
  7797 | D        | Reached skill level 5 in Conjurations
  7799 | D        | Reached skill level 5 in Spellcasting
  7830 | D        | Found the +7 sceptre of Asmodeus
  7830 | D        | Noticed Asmodeus
  7833 | D        | Reached skill level 10 in Evocations
  7833 | D        | Noticed Frederick
  7834 | D        | Noticed Louise
  7834 | D        | Noticed Xtahua
  7835 | D        | Reached skill level 15 in Dodging
  7839 | D        | Noticed Dissolution
  7840 | D        | Killed Xtahua
  7840 | D        | Killed Frederick
  7840 | D        | Killed Louise
  7841 | D        | Reached skill level 15 in Long Blades
  7841 | D        | Reached skill level 10 in Fire Magic
  7841 | D        | Killed Dissolution
  7844 | D        | Killed Asmodeus
  7845 | D        | Reached skill level 10 in Conjurations
  7859 | D        | Noticed Jory
  7868 | D        | Killed Jory
  7869 | D        | Reached skill level 15 in Evocations
  7869 | D        | Reached XP level 20. HP: 109/194 MP: 5/36
  8028 | D        | Got the ring "Omugger" {rC+ Int+7 SInv}
  8104 | D        | Found the +15 Maxwell's patent armour {-Cast -Tele rElec
                  | Will+ rCorr}
  8327 | D        | Noticed Arachne
  8329 | D        | Killed Arachne
  8330 | D        | Noticed Mennas
  8333 | D        | Killed Mennas
  8373 | D        | Noticed a profane servitor
  8374 | D        | Identified the +10 long sword of Distraction {vorpal, rC++
                  | rN+ Dex-5 SInv}
  8388 | D        | Killed a profane servitor
  8543 | D        | Noticed Rupert
  8544 | D        | Killed Rupert
  8545 | D        | Reached skill level 27 in Evocations
  8545 | D        | Reached XP level 21. HP: 201/201 MP: 29/37
  8600 | D        | Got a silver rune of Zot
  8722 | D        | Noticed a curse toe
  8722 | D        | Noticed a curse toe
  8729 | D        | Killed a curse toe
  8729 | D        | Killed a curse toe
  8815 | D        | Reached skill level 15 in Fire Magic
  8837 | D        | Reached skill level 15 in Conjurations
  8837 | D        | Noticed an ancient lich
  8858 | D        | Killed an ancient lich
  9188 | D        | Noticed an ancient lich
  9189 | D        | Noticed Lom Lobon
  9191 | D        | Noticed Margery
  9192 | D        | Killed Margery
  9192 | D        | Killed an ancient lich
  9192 | D        | Noticed Faudwela the pandemonium lord
  9193 | D        | Noticed Antaeus
  9194 | D        | Killed Faudwela the pandemonium lord
  9200 | D        | Killed Lom Lobon
  9201 | D        | Reached XP level 22. HP: 51/209 MP: 26/42
  9213 | D        | Killed Antaeus
  9213 | D        | Noticed Vuoh Kil the pandemonium lord
  9216 | D        | Killed Vuoh Kil the pandemonium lord
  9220 | D        | Noticed the 27-headed Lernaean hydra
  9225 | D        | Killed the 27-headed Lernaean hydra
  9229 | D        | Noticed Mnoleg
  9252 | D        | Killed Mnoleg
  9376 | D        | Noticed an orb of fire
  9385 | D        | Killed an orb of fire
  9387 | D        | Noticed Gloorx Vloq
  9389 | D        | Killed Gloorx Vloq
  9412 | D        | Found the +6 sword of Cerebov {flame}
  9412 | D        | Noticed Cerebov
  9415 | D        | Reached XP level 23. HP: 179/216 MP: 22/47
  9437 | D        | Killed Cerebov
  9576 | D        | Got the Orb of Zot
  9634 | D        | Noticed Uxkaqu Lion the pandemonium lord
  9712 | D        | Killed Uxkaqu Lion the pandemonium lord
  9734 | D        | Escaped with the Orb!

Illustrated notes

Levels and vault maps discovered:
D:        pitsprint [storerooms_1, entrance_room_1, metal_vault_3, armoury_1,
          mini_pit_1, grid_room_1, main_hall_1, silver_pit, the_coven_1,
          the_vestibule_1, steel_vault_2, golden_pit, hallway_of_sentries,
          crystal_vault_4, iron_vault_1, final_vault]

Skill      XL: |  1  2  3  4  5  6  7  8  9 10 11 12 13 14 15 16 17 18 19 20 21 22 23 |
---------------+----------------------------------------------------------------------+-----
Fighting       | 6 8 9 10 11 12 14 15 17 19 21 24 27 | 27.0
Armour         | 6 8 9 11 12 13 15 16 17 20 21 23 27 | 27.0
Shields        | 6 8 9 11 13 15 16 17 19 21 23 25 27 | 27.0
Axes           | 4 5 7 8 10 12 14 16 18 19 21 24 27 | 27.0
Dodging        | 1 2 3 4 5 11 18 23 | 23.6
Invocations    | 3 4 5 6 7 9 10 11 13 15 17 21 24 26 27 | 27.0
Stealth        | 1 2 6 8 10 | 10.4
Short Blades   | 6 |  6.5
Long Blades    | 10 17 19 | 19.6
Maces & Flails | 7 |  7.2
Polearms       | 7 |  7.2
Staves         | 7 |  7.2
Slings         | 6 |  6.5
Bows           | 6 |  6.5
Crossbows      | 6 |  6.5
Throwing       | 6 |  6.0
Unarmed Combat | 6 |  6.5
Spellcasting   | 4 9 17 21 22 | 22.6
Conjurations   | 4 10 19 23 24 | 24.0
Hexes          | 4 |  4.1
Summonings     | 4 |  4.5
Necromancy     | 6 7 |  7.4
Translocations | 6 7 |  7.4
Transmutations | 7 8 |  8.2
Fire Magic     | 6 11 19 23 24 | 24.4
Ice Magic      | 6 7 |  7.5
Air Magic      | 6 7 |  7.4
Earth Magic    | 7 8 |  8.2
Poison Magic   | 6 7 |  7.4
Evocations     | 8 15 27 | 27.0

Action                   |  1- 3 |  4- 6 |  7- 9 | 10-12 | 13-15 | 16-18 | 19-21 | 22-24 || total
-------------------------+-------+-------+-------+-------+-------+-------+-------+-------++-------
Melee: Hand axe          |     3 |    26 |    42 |       |       |       |       |       ||    71
       War axe           |     2 |       |    29 |   208 |   254 |    38 |       |       ||   531
       Headbutt          |     1 |     3 |    16 |    49 |    83 |    53 |    70 |    15 ||   290
       Broad axe         |       |       |       |       |       |   128 |   208 |    61 ||   397
Invok: Disaster Area     |       |       |     1 |     5 |    11 |    11 |    21 |    13 ||    62
       Elemental Force   |       |       |       |     1 |     3 |       |       |       ||     4
       Upheaval          |       |       |       |       |       |       |       |     1 ||     1
Evoke: Tin of tremorston |       |       |       |       |       |       |     1 |       ||     1
       Phantom mirror    |       |       |       |       |       |       |       |     2 ||     2
  Use: Potion            |       |     5 |     2 |     2 |    11 |    10 |     6 |     6 ||    42
       Scroll            |       |       |       |       |     3 |       |       |     1 ||     4
 Stab: Distracted        |       |       |       |     1 |     1 |       |       |       ||     2
       Invisible         |       |       |       |       |     8 |       |       |       ||     8
Armor: Scale mail        |     1 |     4 |       |       |       |       |       |       ||     5
       Plate armour      |       |    32 |    14 |    45 |    17 |       |       |       ||   108
       Shadow dragon sca |       |       |       |       |    14 |       |       |       ||    14
       Gold dragon scale |       |       |       |       |    46 |    58 |    56 |    12 ||   172
Dodge: Dodged            |     4 |     8 |    13 |    34 |    41 |    22 |    48 |    15 ||   185
       Repelled          |       |       |       |     2 |     3 |     1 |     1 |       ||     7
Block: Kite shield       |       |    49 |    82 |   180 |    74 |       |       |       ||   385
       Tower shield      |       |       |       |       |   131 |   149 |   316 |    95 ||   691

Table legend: (Time is in decaauts)
 A = Elapsed time spent in this place.
 B = Non-inter-level travel time spent in this place.
 C = Inter-level travel time spent in this place.
 D = Time resting spent in this place.
 E = Time spent auto-exploring this place.
 F = Levels seen in this place.
 G = Mean time per level.
                   A        B        C        D        E       F      G
               +--------+--------+--------+--------+--------+-----+--------+
         Total |   9463 |   9430 |     33 |   5358 |     39 |   1 | 9463.0 |
       Dungeon |   9463 |   9430 |     33 |   5358 |     39 |   1 | 9463.0 |
               +--------+--------+--------+--------+--------+-----+--------+

Top non-repeatable levels by time:
       D: 9463 daAuts
